 Dungeon Crawl Stone Soup version 0.30-a0-782-ge64f9170bb (webtiles) character file.

Game seed: 8043470933331506539

47 funkygono the Firebug (level 3, -7/19 HPs)
             Began as a Gargoyle Fire Elementalist on Mar 9, 2023.
             Mangled by Terence
             ... wielding a +1 falchion of electrocution
              (10 damage)
             ... on level 2 of the Dungeon.
             The game lasted 00:01:47 (1700 turns).

funkygono the Firebug (Gargoyle Fire Elementalist)  Turns: 1700, Time: 00:01:47

Health: -7/19      AC:  5    Str: 11    XL:     3   Next: 70%
Magic:  3/7        EV: 12    Int: 17    God:
Gold:   173        SH:  0    Dex: 10    Spells: 1/7 levels left

rFire   . . .      SeeInvis .    c - +0 whip
rCold   . . .      Faith    .    (no shield)
rNeg    + . .      Spirit   .    a - +0 robe
rPois   ∞          Reflect  .    (no helmet)
rElec   +          Harm     .    (no cloak)
rCorr   .          Rampage  .    (no gloves)
Will    .....                    (no boots)
Stlth   ++                       (no amulet)
HPRegen 0.23/turn                (no ring)
MPRegen 0.10/turn                (no ring)

@: no status effects
A: sickness immunity, AC +3, negative energy resistance 1, electricity
resistance, torment resistance 1, petrification resistance
a: no special abilities


You were on level 2 of the Dungeon.
You visited 1 branch of the dungeon, and saw 2 of its levels.

You collected 173 gold pieces.

Inventory:

Hand Weapons
 c - a +0 whip (weapon)
Armour
 a - a +0 robe (worn)
Scrolls
 d - a scroll of summoning {unknown}
 e - a scroll of fog {unknown}
 g - a scroll of torment {unknown}
 j - a scroll of teleportation {unknown}
 l - a scroll of poison {unknown}
 m - a scroll of identify {unknown}
 n - a scroll of blinking {unknown}
 o - a scroll of amnesia {unknown}
Potions
 f - a potion of heal wounds {unknown}
 h - 2 potions of flight {unknown}
 i - a potion of berserk rage {unknown}
 k - 2 potions of lignification {unknown}


   Skills:
 + Level 1.7 Dodging
 - Level 2.1 Stealth
 + Level 2.7 Spellcasting
 + Level 1.7 Conjurations
 + Level 3.6 Fire Magic


You had one spell level left.
You knew the following spells:

 Your Spells              Type           Power      Damage    Failure   Level
a - Foxfire               Conj/Fire      44%        2x1d6     6%          1
b - Scorch                Fire           28%        2d6       6%          2
c - Kindle Blastsparks    Fire/Tloc/Air  12%        2d11      32%         3

Your spell library contained the following spells:

 Spells                   Type           Power      Damage    Failure   Level
 Slow                     Hex            8%         N/A       19%         1
 Inner Flame              Hex/Fire       8%         N/A       26%         3
 Confusing Touch          Hex            2%         N/A       47%         3
 Vampiric Draining        Necr           2%         2d6       47%         3
 Flame Wave               Conj/Fire      11%        2d6       52%         4


Dungeon Overview and Level Annotations

Branches:
Dungeon (2/15)

Altars:

Annotations:
D:2 Terence


Innate Abilities, Weirdness & Mutations

You are immune to sickness and miasma.
Your stone body is resilient. (AC +3)
You are immune to poison.
You resist negative energy. (rN+)
You are resistant to electric shocks. (rElec)
You are resistant to unholy torment.
You are immune to petrification.


Message History

Confirm with . or Enter, or press ? or * to list all spells.
You conjure some foxfire!
Terence closely misses you.
You hit Terence.
Terence is lightly wounded.
The foxfire hits Terence but does no damage.
Terence is lightly wounded.
Terence hits you with a +1 falchion of electrocution.
You hit Terence but do no damage.
Terence is lightly wounded.
Terence is no longer more vulnerable to fire.
Terence hits you with a +1 falchion of electrocution!
You closely miss Terence.
Terence is lightly wounded.
Terence barely misses you.
You closely miss Terence.
Terence is lightly wounded.
Terence hits you with a +1 falchion of electrocution.
You closely miss Terence.
Terence is lightly wounded.
Terence barely misses you.
You hit Terence but do no damage.
Terence is lightly wounded.
Terence hits you with a +1 falchion of electrocution!
* * * LOW HITPOINT WARNING * * *
Casting: Foxfire (safe; 6% risk of failure)
Confirm with . or Enter, or press ? or * to list all spells.
Okay, then.
Magic courses through your body. Terence hits you but does no damage.
Casting: Foxfire (safe; 6% risk of failure)
Confirm with . or Enter, or press ? or * to list all spells.
Flames lash Terence.
Terence is moderately wounded.
Terence's fire resistance burns away.
Terence completely misses you.
Casting: Scorch (safe; 6% risk of failure)
Confirm with . or Enter, or press ? or * to list all spells.
Flames lash Terence.
Terence is burned terribly!
Terence is severely wounded.
Terence hits you with a +1 falchion of electrocution!
Ouch! That really hurt!
You die...

#### ...## ...
... #.# #.# #
#.# .#.#.####@#
....<....@#
#.#####.### #.#
#.# #.#
#.#######.## #.#
#..........# #.#
#..######..# #.#
###..# #..# #.#
##....# #..# #.#
#
##...#.######..#
#<#


You could see Terence (combustible).

Vanquished Creatures
  2 adders (D:2)
  A worm (D:2)
  A dart slug (D:2)
  3 endoplasms
  2 giant cockroaches
  2 goblins
  A hobgoblin (D:2)
  2 kobolds (D:2)
  A quokka (D:1)
  A ball python (D:2)
  4 bats
  A frilled lizard (D:2)
  6 rats
27 creatures vanquished.

Vanquished Creatures (others)
  66 foxfires
  5 plants (D:2)
71 creatures vanquished.

Grand Total: 98 creatures vanquished

Notes
Turn   | Place    | Note
-------+----------+-------------------------------------------
     0 | D:1      | funkygono the Gargoyle Fire Elementalist began the quest
                  | for the Orb.
     0 | D:1      | Reached XP level 1. HP: 10/10 MP: 3/3
   412 | D:1      | Reached XP level 2. HP: 15/15 MP: 1/5
   415 | D:1      | Learned a level 2 spell: Scorch
  1184 | D:2      | Reached XP level 3. HP: 12/19 MP: 1/6
  1189 | D:2      | Learned a level 3 spell: Kindle Blastsparks
  1462 | D:2      | Found a faded altar of an unknown god.
  1684 | D:2      | Noticed Terence
  1700 | D:2      | Mangled by Terence

Illustrated notes

Levels and vault maps discovered:
D:1:      amcnicky_arrival_wind_blow, layout_basic
D:2:      layout_loops_ring, chequers_ecumenical_altar_lobes, uniq_terence

Action                     || total
---------------------------++-------
  Melee: Whip              ||    11
   Cast: Foxfire           ||    39
         Scorch            ||     7
    Use: Potion            ||     1
 Armour: Robe              ||     3
  Dodge: Dodged            ||    10

Table legend: (Time is in decaauts)
 A = Elapsed time spent in this place.
 B = Non-inter-level travel time spent in this place.
 C = Inter-level travel time spent in this place.
 D = Time resting spent in this place.
 E = Time spent auto-exploring this place.
 F = Levels seen in this place.
 G = Mean time per level.
                   A        B        C        D        E       F      G
               +--------+--------+--------+--------+--------+-----+--------+
         Total |   1700 |   1673 |     27 |      0 |   1480 |   2 |  850.0 |
       Dungeon |   1700 |   1673 |     27 |      0 |   1480 |   2 |  850.0 |
               +--------+--------+--------+--------+--------+-----+--------+

Top non-repeatable levels by time:
     D:1: 874 daAuts
     D:2: 825 daAuts
